 Dungeon Sprint DCSS version 0.31-a0-7-g51783674b7 (webtiles) character file.

Game seed: 1950709213019059499

242 rocky1 the Geomancer (level 5, -1/30 HPs)
             Began as a Deep Elf Earth Elementalist on May 6, 2023.
             Was a Priest of Sif Muna.
             Slain by an ogre
             ... wielding a +0 giant club
              (31 damage)
             ... in the Dungeon (Sprint VII: "The Pits").
             The game lasted 00:01:55 (662 turns).

rocky1 the Geomancer (Deep Elf Earth Elementalist)   Turns: 662, Time: 00:01:56

Health: -1/30      AC:  2    Str:  5    XL:     5   Next: 82%
Magic:  13/15      EV: 13    Int: 22    God:    Sif Muna [***...]
Gold:   0          SH:  0    Dex: 15    Spells: 12/16 levels left

rFire   . . .        k - +2 long sword (flame)
rCold   . . .        (no shield)
rNeg    . . .        a - +0 robe
rPois   .            (no helmet)
rElec   .            (no cloak)
rCorr   .            (no gloves)
SInv    .            (no boots)
Will    .....        (no amulet)
Stlth   ++           (no ring)
HPRegen 0.25/turn    (no ring)
MPRegen 0.14/turn

%: no teleportation
@: no status effects
A: no striking features
a: Renounce Religion, Channel Magic, Forget Spell


You were in the Dungeon.
You worshipped Sif Muna.
Sif Muna was most pleased with you.
You visited 1 branch

Inventory:

Hand Weapons
 k - a +2 long sword of flaming (weapon)
Armour
 a - a +0 robe (worn)
Scrolls
 g - a scroll of blinking
 i - 5 scrolls of amnesia
 j - a scroll of summoning
Potions
 b - 5 potions of magic
 c - 6 potions of curing
 d - 6 potions of heal wounds
 e - a potion of haste
 f - 3 potions of berserk rage
 h - 2 potions of invisibility


   Skills:
 * Level 2.1 Fighting
 + Level 3.9 Dodging
 + Level 3.4 Stealth
 + Level 6.1 Spellcasting
 * Level 2.5 Conjurations
 + Level 1.6 Transmutations
 * Level 10.6 Earth Magic
 * Level 4.1 Invocations


You had 12 spell levels left.
You knew the following spells:

 Your Spells              Type           Power      Damage    Failure   Level
a - Sandblast             Erth           100%       2d20      1%          1
b - Stone Arrow           Conj/Erth      70%        3d11      1%          3

Your spell library contained the following spells:

 Spells                   Type           Power      Damage    Failure   Level
 Passwall                 Tmut/Erth      27%        N/A       1%          2
 Petrify                  Tmut/Erth      33%        N/A       8%          4


Dungeon Overview and Level Annotations

Branches:
Dungeon (1/1)

Altars:
Ashenzari
Cheibriados
Dithmenos
Elyvilon
Fedhas
Gozag
Hepliaklqana
Kikubaaqudgha
Makhleb
Nemelex Xobeh
Okawaru
Qazlal
Ru
Sif Muna
Trog
Uskayaw
Vehumet
Wu Jian
Xom
Yredelemnul
Zin
The Shining One
Jiyva
Lugonu

Annotations:
D Ijyb


Message History

There is an open door here.
There is an open door here.
There is an open door here.
There is an open door here.
You open the door.
There is an open door here.
You open the door. 2 orc priests, an orc and a floating eye come into view.
There is an open door here.
Aiming: Sandblast (safe; 1% risk of failure)
Press: ? - help, Q - select action, (/) - cycle Shift-Dir - straight line, f - orc
Aim: an orc, wielding a +0 hand axe and wearing a +0 ring mail (asleep, 100% to hit)
The blast of sand hits the orc!!
You kill the orc!
Sif Muna accepts your kill.
There is an open door here.
Aiming: Sandblast (safe; 1% risk of failure)
Press: ? - help, Q - select action, (/) - cycle Shift-Dir - straight line, f - you
Okay, then.
A quokka and a mummy come into view.
Aiming: Sandblast (safe; 1% risk of failure)
Press: ? - help, Q - select action, (/) - cycle Shift-Dir - straight line, f - quokka
Aim: a quokka (asleep, 100% to hit)
The blast of sand hits the quokka!!
You kill the quokka!
Sif Muna accepts your kill.
You hear a shout!
An ogre comes into view. It is wielding a +0 giant club.
You hear a shout! x2
Aiming: Sandblast (safe; 1% risk of failure)
Press: ? - help, Q - select action, (/) - cycle Shift-Dir - straight line, f - floating eye
Aim: a floating eye (100% to hit)
The blast of sand hits the floating eye!!
You kill the floating eye!
Sif Muna accepts your kill.
You can now freely open your mind to new spells.
Ijyb the Twisted Goblin comes into view.
She is wielding a +0 dagger and carrying a wand of mindburst (17).
The ogre hits you with a +0 giant club!!
Ouch! That really hurt!
You die...

#.#)....#))##.....
#.#.....#[[##.....
#.####'##'###...<.
#.#........##.....
#.#........##.....
#'###########.....
#....).o# ######
#..#.#.o# #@## #
#.O†.M..#
#.##g##.# #.. #
#.. ####


You could see an ogre, Ijyb and a mummy.

Vanquished Creatures
  3 floating eyes (D)
  A crimson imp (D)
  An orc (D)
  A bat (D)
  An endoplasm (D)
  A hobgoblin (D)
  A kobold (D)
  2 quokkas (D)
  A ball python skeleton (D)
12 creatures vanquished.

Notes
Turn   | Place    | Note
-------+----------+-------------------------------------------
     0 | D        | rocky1 the Deep Elf Earth Elementalist began the quest for
                  | the Orb.
     0 | D        | Reached XP level 1. HP: 10/10 MP: 6/6
    21 | D        | Noticed a floating eye
    22 | D        | Paralysed by a floating eye for 3 turns
    27 | D        | Found a bloodstained altar of Trog.
    27 | D        | Found a shimmering blue altar of Sif Muna.
    27 | D        | Found a viscous altar of Jiyva.
    27 | D        | Found a hazy altar of Hepliaklqana.
    27 | D        | Found an opulent altar of Gozag.
    28 | D        | Found a glowing golden altar of the Shining One.
    28 | D        | Found a glowing silver altar of Zin.
    28 | D        | Found a basalt altar of Yredelemnul.
    28 | D        | Found a shimmering altar of Xom.
    28 | D        | Found an ornate altar of the Wu Jian Council.
    28 | D        | Found a sacrificial altar of Ru.
    28 | D        | Found a stormy altar of Qazlal.
    28 | D        | Found an iron altar of Okawaru.
    28 | D        | Found a sparkling altar of Nemelex Xobeh.
    28 | D        | Found a burning altar of Makhleb.
    28 | D        | Found a blossoming altar of Fedhas.
    28 | D        | Found a white marble altar of Elyvilon.
    28 | D        | Found a shadowy altar of Dithmenos.
    28 | D        | Found a snail-covered altar of Cheibriados.
    28 | D        | Paralysed by a floating eye for 4 turns
    33 | D        | Found a radiant altar of Vehumet.
    33 | D        | Found a corrupted altar of Lugonu.
    34 | D        | Found an ancient bone altar of Kikubaaqudgha.
    34 | D        | Found a hide-covered altar of Uskayaw.
    34 | D        | Found a broken altar of Ashenzari.
    35 | D        | Became a worshipper of Sif Muna the Loreminder
    36 | D        | Killed a floating eye
    37 | D        | Reached skill level 8 in Earth Magic
    37 | D        | Reached XP level 2. HP: 9/16 MP: 4/9
    37 | D        | Reached XP level 3. HP: 12/20 MP: 4/11
    37 | D        | Reached XP level 4. HP: 14/24 MP: 4/12
   397 | D        | Learned a level 3 spell: Stone Arrow
   538 | D        | Reached * piety under Sif Muna
   555 | D        | Noticed a floating eye
   556 | D        | Killed a floating eye
   557 | D        | Reached skill level 1 in Fighting
   557 | D        | Reached skill level 5 in Spellcasting
   557 | D        | Reached skill level 10 in Earth Magic
   557 | D        | Reached XP level 5. HP: 30/30 MP: 12/15
   560 | D        | Reached ** piety under Sif Muna
   654 | D        | Noticed a floating eye
   661 | D        | Noticed an ogre
   662 | D        | Killed a floating eye
   662 | D        | Reached *** piety under Sif Muna
   662 | D        | Noticed Ijyb
   662 | D        | Slain by an ogre

Illustrated notes

Levels and vault maps discovered:
D:        pitsprint [storerooms_1, entrance_room_1, metal_vault_2, armoury_1,
          mini_pit_1, grid_room_1, main_hall_1, silver_pit, the_coven_1,
          the_vestibule_1, steel_vault_3, golden_pit, hallway_of_sentries,
          crystal_vault_2, iron_vault_3, final_vault]

Skill      XL: |  1  2  3  4  5 |
---------------+----------------+-----
Dodging        | 3 |  3.9
Stealth        | 3 |  3.4
Spellcasting   | 4 5 6 |  6.1
Earth Magic    | 8 10 | 10.6
Invocations    | 2 3 4 |  4.1
Fighting       | 1 2 |  2.1
Conjurations   | 2 |  2.5
Transmutations | |  1.6

Action                     |  1- 3 |  4- 6 || total
---------------------------+-------+-------++-------
   Cast: Sandblast         |     4 |     9 ||    13
 Armour: Robe              |     1 |       ||     1
  Dodge: Dodged            |     1 |     1 ||     2

Table legend: (Time is in decaauts)
 A = Elapsed time spent in this place.
 B = Non-inter-level travel time spent in this place.
 C = Inter-level travel time spent in this place.
 D = Time resting spent in this place.
 E = Time spent auto-exploring this place.
 F = Levels seen in this place.
 G = Mean time per level.
                   A        B        C        D        E       F      G
               +--------+--------+--------+--------+--------+-----+--------+
         Total |    667 |    649 |     18 |    494 |      0 |   1 |  667.0 |
       Dungeon |    667 |    649 |     18 |    494 |      0 |   1 |  667.0 |
               +--------+--------+--------+--------+--------+-----+--------+

Top non-repeatable levels by time:
       D: 667 daAuts
